 Dungeon Crawl Stone Soup version 0.31.0-32-g396128a36d (webtiles) character file.

Game seed: 9131660644680271823

74 Squincus the Slasher (level 4, -7/33 HPs)
             Began as a Demonspawn Gladiator on Jan 28, 2024.
             Mangled by an iguana (13 damage)
             ... on level 4 of the Dungeon on Apr 9, 2024.
             The game lasted 00:12:22 (2079 turns).

Squincus the Slasher (Demonspawn Gladiator)         Turns: 2079, Time: 00:12:23

Health: -7/33      AC:  3    Str: 14    XL:     4   Next: 10%
Magic:  4/4        EV: 13    Int:  9    God:
Gold:   63         SH:  0    Dex: 22    Spells: 3/3 levels left

rFire   . . .        a - +1 long sword
rCold   . . .        (no shield)
rNeg    . . .        b - +0 leather armour
rPois   .            (helmet restricted)
rElec   .            (no cloak)
rCorr   .            (no gloves)
SInv    .            (no boots)
Will    .....        (no amulet)
Stlth   ++           i - +6 ring of dexterity
HPRegen 0.25/turn    (no ring)
MPRegen 0.18/turn

%: no passive effects
@: no status effects
A: antennae 1, magic regeneration
a: no special abilities


You were on level 4 of the Dungeon.
You visited 1 branch of the dungeon, and saw 4 of its levels.

You collected 63 gold pieces.

Inventory:

Hand Weapons
 a - a +1 long sword (weapon)
 h - a +0 whip of draining
Missiles
 d - 3 throwing nets (quivered)
 e - a javelin
Armour
 b - a +0 leather armour (worn)
 c - a +0 helmet
Jewellery
 i - a +6 ring of dexterity (left hand)
Scrolls
 f - 2 scrolls of amnesia
 n - a scroll of immolation
Potions
 g - a potion of lignification {unknown}
 j - 3 potions of curing
 k - a potion of haste {unknown}
 o - 2 potions of enlightenment {unknown}


   Skills:
 - Level 2.0 Fighting
 + Level 3.8 Long Blades
 + Level 0.1 Polearms
 - Level 1.7 Throwing
 - Level 2.6 Dodging
 + Level 0.2 Shields
 + Level 0.1 Conjurations
 + Level 0.2 Hexes
 + Level 0.4 Summonings
 + Level 0.3 Necromancy
 + Level 0.1 Fire Magic
 + Level 0.4 Alchemy
 + Level 0.6 Invocations
 + Level 0.4 Evocations


You had 3 spell levels left.
You didn't know any spells.
Your spell library contained the following spells:

 Spells                   Type           Power      Damage    Failure   Level
 Momentum Strike          Conj/Tloc      0%         3d8       58%         2
 Blink                    Tloc           0%         N/A       61%         2
 Lesser Beckoning         Tloc           0%         N/A       61%         2


Dungeon Overview and Level Annotations

Branches:
Dungeon (4/15)
 Temple: D:4-7

Altars:
Fedhas
Makhleb
Okawaru

Shops:
D:1 ?


Innate Abilities, Weirdness & Mutations

You have a pair of small antennae on your head.
You regenerate magic rapidly.


Message History

An orc comes into view. It is wielding a +0 hand axe.
The iguana hisses angrily.
The orc shouts!
A scorpion comes into view.
The iguana bites you.
You barely miss the iguana.
You hear the slow hiss of a distant avalanche of sand.
The iguana closely misses you.
You barely miss the iguana. The iguana misses you.
An orc wizard comes into view. It is wielding a +0 dagger.
You hit the iguana.
The iguana is lightly wounded.
A hobgoblin comes into view.
The iguana bites you. The orc hits you with a +0 hand axe.
The iguana closely misses you.
You barely miss the orc.
The hobgoblin shouts!
The orc misses you. The iguana misses you.
The scorpion attacks as it pursues you! The scorpion stings you.
The orc attacks as it pursues you! The orc completely misses you.
You hit the scorpion but do no damage. The scorpion completely misses you.
The orc hits you but does no damage.
You hit the scorpion.
The scorpion is lightly wounded.
The scorpion closely misses you. The scorpion stings you.
You hit the scorpion.
The scorpion is lightly wounded.
The scorpion stings you. The iguana barely misses you.
You hit the scorpion.
The scorpion is moderately wounded.
The scorpion closely misses you. The iguana bites you!
* * * LOW HITPOINT WARNING * * *
The scorpion barely misses you.
You slash the scorpion!
The scorpion is almost dead.
The scorpion barely misses you. The iguana bites you.
* * * LOW HITPOINT WARNING * * *
You hit the scorpion.
You kill the scorpion!
The iguana bites you!
You die...

..#.#.##.##.#
#.###
#..##.#...#.#
#...#
#..#.....#.#
###.# ..###
...#.#
#####.##### #
#.#
#....#....#
#.###.###.#
#.###.#
#.....#
#@.#### #†l#


#goo# ......# ....?....# #.....(....# #............ #.............
#..##......... You could see an iguana, an orc wizard, an orc and a hobgoblin.

Vanquished Creatures
  A scorpion (D:4)
  2 adders
  2 ribbon worms
  8 bats
  2 endoplasms
  3 giant cockroaches
  2 goblins
  6 hobgoblins
  6 kobolds
  4 quokkas
  3 ball pythons (D:1)
  4 frilled lizards
  4 rats
47 creatures vanquished.

Notes
Turn   | Place    | Note
-------+----------+-------------------------------------------
     0 | D:1      | Squincus the Demonspawn Gladiator began the quest for the
                  | Orb.
     0 | D:1      | Reached XP level 1. HP: 16/16 MP: 1/1
   153 | D:1      | Gained mutation: You regenerate magic rapidly. [demonic
                  | ancestry]
   153 | D:1      | Reached XP level 2. HP: 14/22 MP: 2/2
   494 | D:1      | Found Pafisulu's Magic Scroll Shoppe.
   925 | D:2      | Reached skill level 3 in Long Blades
   925 | D:2      | Reached XP level 3. HP: 18/27 MP: 3/3
  1705 | D:3      | Found a blossoming altar of Fedhas.
  1729 | D:3      | Upgraded the game from 0.31.0-11-ge490571c62 to
                  | 0.31.0-32-g396128a36d
  1912 | D:3      | Gained mutation: You have a pair of small antennae on your
                  | head. [demonic ancestry]
  1912 | D:3      | Reached XP level 4. HP: 33/33 MP: 4/4
  1969 | D:3      | You fall into a shaft and drop 1 floor!
  2008 | D:4      | Found an iron altar of Okawaru.
  2009 | D:4      | Found a burning altar of Makhleb.
  2068 | D:4      | Noticed a scorpion
  2079 | D:4      | Killed a scorpion
  2079 | D:4      | Mangled by an iguana

Illustrated notes

Levels and vault maps discovered:
D:1:      mushboom_english_gardens, layout_loops_ring, serial_shops,
          nicolae_shop_advertising_works [nicolae_subvault_shop_adworks],
          chequers_serial_rivers_micro_c
D:2:      layout_loops_ring
D:3:      layout_loops_ring, gammafunk_temple_overflow_forgotten,
          mainiacjoe_overflow_brackets, minmay_misc_feat_nine_boxes,
          minmay_stone_trees_small, patterned_corridor
D:4:      layout_loops_ring, mainiacjoe_overflow_divided_tiny, enter_ossuary_1,
          serial_shops, shop

Skill      XL: |  1  2 |
---------------+-------+-----
Long Blades    | 3 |  3.8
Fighting       | |  2.0
Polearms       | |  0.1
Throwing       | |  1.7
Dodging        | |  2.6
Shields        | |  0.2
Conjurations   | |  0.1
Hexes          | |  0.2
Summonings     | |  0.4
Necromancy     | |  0.3
Fire Magic     | |  0.1
Alchemy        | |  0.4
Invocations    | |  0.6
Evocations     | |  0.4

Action                     |  1- 3 |  4- 6 || total
---------------------------+-------+-------++-------
  Melee: Long sword        |   133 |    18 ||   151
         Punch             |     2 |       ||     2
    Use: Scroll            |       |     5 ||     5
   Stab: Sleeping          |     2 |     1 ||     3
 Armour: Leather armour    |   100 |    12 ||   112
  Dodge: Dodged            |   100 |    17 ||   117
